[Event "KAZ-ch 2018"]
[Site "Almaty"]
[Date "2018.04.21"]
[Round "2"]
[White "Makhnev, Denis"]
[Black "Nogerbek, Kazybek"]
[Result "1/2-1/2"]
[ECO "C41"]
[WhiteElo "2409"]
[BlackElo "2323"]
[Annotator "ChessBase"]
[PlyCount "73"]
[EventDate "2018.??.??"]
[EventType "tourn"]
[EventCountry "KAZ"]
[SourceTitle "playchess.com"]
[Source "ChessBase"]
[SourceQuality "1"]
[TimeControl "40/5400+30:1800+30"]

1. d4 d6 2. e4 Nf6 3. Nc3 e5 4. Nf3 Nbd7 5. Bc4 Be7 6. O-O O-O 7. Re1 a6 8. a4 b6 9. Bf1 Bb7 10. dxe5 dxe5 11. Nd5 Nxd5 12. exd5 Bd6 13. c4 Re8 14. Bd3 h6 15. Bc2 Nf6 16. b3 c6 17. dxc6 Bxc6 18. Bb2 Qc7 19. Nh4 Rad8 20. Qe2 Bb4 21. Red1 Rxd1+ 22. Rxd1 b5 23. axb5 axb5 24. Nf5 Bf8 25. Qe3 bxc4 26. bxc4 Bd7 27. Qe2 Bc5 28. Qf3 Bxf5 29. Qxf5 Bd4 30. Bxd4 exd4 31. Qd3 Qc5 32. h3 Rd8 33. Rb1 g6 34. Rb5 Qe7 35. g3 Kg7 36. Qf3 Nd7 37. Kg2 1/2-1/2

[Event "KAZ-ch 2018"]
[Site "Almaty"]
[Date "2018.04.22"]
[Round "3"]
[White "Nogerbek, Kazybek"]
[Black "Suleymenov, Alisher"]
[Result "1/2-1/2"]
[ECO "B48"]
[WhiteElo "2323"]
[BlackElo "2351"]
[Annotator "ChessBase"]
[PlyCount "160"]
[EventDate "2018.??.??"]
[EventType "tourn"]
[EventCountry "KAZ"]
[SourceTitle "playchess.com"]
[Source "ChessBase"]
[SourceQuality "1"]
[TimeControl "40/5400+30:1800+30"]

1. e4 c5 2. Nf3 e6 3. d4 cxd4 4. Nxd4 Nc6 5. Nc3 Qc7 6. Be3 a6 7. Qd2 Nf6 8. O-O-O Be7 9. f3 b5 10. Nxc6 dxc6 11. Qf2 e5 12. Bb6 Qb7 13. Bc5 O-O 14. Be2 Be6 15. Kb1 Bxc5 16. Qxc5 Nd7 17. Qd6 Rfe8 18. Rd2 a5 19. Nd1 Qb6 20. Qd3 Nc5 21. Qe3 Reb8 22. Rd6 a4 23. Nc3 a3 24. b3 Na4 25. Rd3 Qxe3 26. Rxe3 Nc5 27. Nd1 b4 28. Nf2 Rd8 29. Nd3 Nxd3 30. Rxd3 Rxd3 31. Bxd3 Rd8 32. Rd1 Kf8 33. c3 c5 34. Be2 Rxd1+ 35. Bxd1 Ke7 36. Kc2 f5 37. c4 Kf6 38. Kd3 f4 39. Ke2 g5 40. Kf2 Kg6 41. Be2 Kh5 42. g4+ fxg3+ 43. Kxg3 Kg6 44. Bd1 Bd7 45. Be2 Bc6 46. Bd3 Bd7 47. Be2 Be6 48. Bd1 Kf6 49. Be2 Bf7 50. Bd1 Bg6 51. Bc2 Kg7 52. Bd3 Kh6 53. Bc2 Bf7 54. Bd1 Be6 55. Be2 Kg6 56. Bd1 Kg7 57. Be2 Bf7 58. Bd1 Bh5 59. Be2 Kf6 60. Bd1 Bg6 61. Bc2 Kf7 62. Bd3 Kf8 63. Kg4 h6 64. Kg3 Kg7 65. Bc2 Be8 66. Bd1 Bd7 67. Be2 Kg6 68. Bd1 Bc6 69. Bc2 Bb7 70. Bd3 Ba6 71. Bc2 Bc8 72. Bd1 Bd7 73. Be2 Kf6 74. Bd1 Bc6 75. Bc2 h5 76. h4 Kg6 77. Bd3 Kh6 78. Bc2 Be8 79. Bd3 Bd7 80. Be2 Kg6 1/2-1/2

[Event "KAZ-ch 2018"]
[Site "Almaty"]
[Date "2018.04.24"]
[Round "5"]
[White "Igambergenov, Alibek"]
[Black "Agmanov, Zhandos"]
[Result "0-1"]
[ECO "A13"]
[WhiteElo "2296"]
[BlackElo "2360"]
[Annotator "ChessBase"]
[PlyCount "148"]
[EventDate "2018.??.??"]
[EventType "tourn"]
[EventCountry "KAZ"]
[SourceTitle "playchess.com"]
[Source "ChessBase"]
[SourceQuality "1"]
[TimeControl "40/5400+30:1800+30"]

1. Nf3 Nf6 2. c4 e6 3. g3 d5 4. Bg2 dxc4 5. Qa4+ Nbd7 6. O-O c5 7. Qxc4 b6 8. b3 Bb7 9. Bb2 a6 10. Qc2 Be7 11. d3 O-O 12. a3 Rc8 13. Nbd2 b5 14. Rac1 Qb6 15. Qb1 Rfd8 16. Qa1 Bf8 17. Rc2 Qa7 18. Rfc1 Qa8 19. h3 Bd5 20. Ne1 Bxg2 21. Nxg2 Nd5 22. Ne4 f6 23. Nh4 Qb7 24. Qa2 Rc7 25. Nd2 Rcc8 26. e4 Nc7 27. d4 cxd4 28. Bxd4 b4 29. a4 e5 30. Be3 Ne6 31. Qb2 Ndc5 32. Qb1 Rc7 33. Rc4 Rdc8 34. R1c2 a5 35. Nhf3 Rc6 36. Kh2 Qd7 37. Qf1 R6c7 38. Kg2 Kh8 39. Qe2 Qf7 40. Ne1 Qd7 41. f4 exf4 42. gxf4 f5 43. exf5 Qd5+ 44. Kg1 Qxf5 45. Qg4 g6 46. Qxf5 gxf5 47. Nef3 Bd6 48. Nd4 Bxf4 49. Nxf5 Bxe3+ 50. Nxe3 Rd8 51. Nf5 Rcd7 52. Nf3 Rd5 53. Ne3 Rg8+ 54. Kf2 Rh5 55. Nd2 Nd3+ 56. Ke2 Nef4+ 57. Kd1 Rxh3 58. Nef1 Nd5 59. Ne4 Rh1 60. Kd2 Ne5 61. Neg3 Nxc4+ 62. bxc4 Rxf1 63. Nxf1 Nc3 64. Kd3 Rd8+ 65. Ke3 Nxa4 66. Nd2 Nc5 67. Rb2 Rd3+ 68. Ke2 Rc3 69. Rb1 b3 70. Rf1 Rc2 71. Ke3 b2 72. Rf8+ Kg7 73. Rb8 a4 74. Nb1 Nb3 {[%emt 0:00:21] Kd4} 0-1

[Event "KAZ-ch 2018"]
[Site "Almaty"]
[Date "2018.04.28"]
[Round "9"]
[White "Ibrayev, Nurlan"]
[Black "Igambergenov, Alibek"]
[Result "0-1"]
[ECO "A58"]
[WhiteElo "2394"]
[BlackElo "2296"]
[Annotator "ChessBase"]
[PlyCount "126"]
[EventDate "2018.??.??"]
[EventType "tourn"]
[EventCountry "KAZ"]
[SourceTitle "playchess.com"]
[Source "ChessBase"]
[SourceQuality "1"]
[TimeControl "40/5400+30:1800+30"]

1. d4 Nf6 2. c4 c5 3. d5 b5 4. cxb5 a6 5. bxa6 g6 6. Nc3 Bg7 7. e4 O-O 8. Nf3 Qa5 9. Nd2 Bxa6 10. Bxa6 Qxa6 11. Qe2 Qxe2+ 12. Kxe2 e6 13. Rd1 Re8 14. Kf1 Na6 15. Nc4 Nb4 16. f3 exd5 17. exd5 Nc2 18. Rb1 Reb8 19. b3 Ne8 20. Bf4 Rb4 21. Ne4 Bd4 22. a4 f5 23. Ned6 Nc7 24. Nxf5 Nxd5 25. Nxd4 Nxd4 26. Bd6 Nc3 27. Bxc5 Rxb3 28. Rxb3 Nxb3 29. Rd3 Nxc5 30. Rxc3 Rxa4 31. Nb6 Ra5 32. Re3 Kf7 33. Kf2 Ra6 34. Nc4 Ne6 35. Rd3 Ra2+ 36. Kg3 Rxg2+ 37. Kxg2 Nf4+ 38. Kf2 Nxd3+ 39. Ke3 Nc5 40. Kd4 Ne6+ 41. Ke5 Ke7 42. f4 Nd8 43. Ne3 Nf7+ 44. Kd5 Kf6 45. Nc4 Kf5 46. Nb6 d6 47. Nd7 h5 48. Nf8 h4 49. Kd4 h3 50. Ke3 Nd8 51. Kf3 Ne6 52. Nd7 Nxf4 53. Nb8 g5 54. Nc6 g4+ 55. Kg3 Kg5 56. Nd4 Nh5+ 57. Kf2 Kf4 58. Ne6+ Ke5 59. Ng5 d5 60. Nf7+ Kf4 61. Nd8 Ng7 62. Nc6 Nf5 63. Nb4 Ke5 0-1

[Event "KAZ-ch 2018"]
[Site "Almaty"]
[Date "2018.04.28"]
[Round "9"]
[White "Suleymenov, Alisher"]
[Black "Agmanov, Zhandos"]
[Result "1/2-1/2"]
[ECO "E12"]
[WhiteElo "2351"]
[BlackElo "2360"]
[Annotator "RC"]
[PlyCount "38"]
[EventDate "2018.??.??"]
[EventType "tourn"]
[EventCountry "KAZ"]
[SourceTitle "playchess.com"]
[Source "ChessBase"]
[SourceQuality "1"]
[TimeControl "40/5400+30:1800+30"]

1. d4 Nf6 2. c4 e6 3. Nf3 b6 4. a3 Bb7 5. Nc3 d5 6. Bg5 Be7 7. e3 Nbd7 8. Qc2 O-O 9. cxd5 exd5 10. Bd3 c5 11. O-O Ne4 12. Bf4 Ndf6 13. dxc5 bxc5 14. Rfd1 Nxc3 15. Qxc3 Qb6 16. Rac1 Rfd8 17. Qc2 a5 18. h3 h6 19. Qe2 Qe6 1/2-1/2

[Event "KAZ-ch 2018"]
[Site "Almaty"]
[Date "2018.04.28"]
[Round "9"]
[White "Nogerbek, Kazybek"]
[Black "Zhalmakhanov, Ramazan"]
[Result "1/2-1/2"]
[ECO "C95"]
[WhiteElo "2323"]
[BlackElo "2271"]
[Annotator "RC"]
[PlyCount "79"]
[EventDate "2018.??.??"]
[EventType "tourn"]
[EventCountry "KAZ"]
[SourceTitle "playchess.com"]
[Source "ChessBase"]
[SourceQuality "1"]
[TimeControl "40/5400+30:1800+30"]

1. e4 e5 2. Nf3 Nc6 3. Bb5 a6 4. Ba4 Nf6 5. O-O Be7 6. Re1 b5 7. Bb3 O-O 8. h3 d6 9. c3 Nb8 10. d4 Nbd7 11. Nbd2 Bb7 12. Bc2 c5 13. Nf1 Re8 14. d5 Bf8 15. Ng3 g6 16. Bg5 h6 17. Be3 c4 18. a4 Qc7 19. Ra3 Nc5 20. Qd2 Kh7 21. Rea1 Rab8 22. axb5 axb5 23. Qd1 Ra8 24. Rxa8 Rxa8 25. Rxa8 Bxa8 26. Qa1 Bb7 27. Qa7 Nfd7 28. Nf1 Bg7 29. N1d2 Qb6 30. Qxb6 Nxb6 31. b3 cxb3 32. Nxb3 Nbd7 33. Nfd2 Ba6 34. Na5 Bf6 35. Nc6 Bg5 36. Bxg5 hxg5 37. Nb1 Nb6 38. Nb4 Kg7 39. f3 Kf8 40. Na3 1/2-1/2

[Event "KAZ-ch 2018"]
[Site "Almaty"]
[Date "2018.04.29"]
[Round "10"]
[White "Zhalmakhanov, Ramazan"]
[Black "Suleymenov, Alisher"]
[Result "1/2-1/2"]
[ECO "B30"]
[WhiteElo "2271"]
[BlackElo "2351"]
[Annotator "RC"]
[PlyCount "52"]
[EventDate "2018.??.??"]
[EventType "tourn"]
[EventCountry "KAZ"]
[SourceTitle "playchess.com"]
[Source "ChessBase"]
[SourceQuality "1"]
[TimeControl "40/5400+30:1800+30"]

1. e4 c5 2. Nf3 Nc6 3. c3 e6 4. Bb5 Nge7 5. O-O a6 6. Ba4 b5 7. Bc2 Bb7 8. d4 cxd4 9. Nxd4 g6 10. Nxc6 Nxc6 11. Bf4 Be7 12. Nd2 O-O 13. Nf3 Rc8 14. a4 b4 15. c4 Na5 16. b3 d5 17. cxd5 exd5 18. e5 d4 19. Nxd4 Qd5 20. Nf3 Rfd8 21. Qb1 Qc5 22. Ra2 Qc3 23. Bd1 Qd3 24. Bc2 Qc3 25. Bd1 Qd3 26. Bc2 Qc3 1/2-1/2